 Dungeon Crawl Stone Soup version 0.28.0-47-ge53b351184 (webtiles) character file.

Game seed: 2625809182787991511

116800 pkoi the Zephyrmancer (level 15, -1/124 HPs)
             Began as a Demigod Air Elementalist on Apr 28, 2022.
             Slain by a salamander
             ... wielding a +0 halberd
              (7 damage)
             ... on level 1 of the Snake Pit.
             The game lasted 01:48:52 (61518 turns).

pkoi the Zephyrmancer (Demigod Air Elementalist)   Turns: 61518, Time: 01:48:53

Health: -1/124     AC: 14    Str: 11    XL:     15   Next: 74%
Magic:  24/34      EV: 18    Int: 37    God:
Gold:   1654       SH:  0    Dex: 14    Spells: 6/35 levels left

rFire   + . .      SeeInvis .   W - +3 mace of Kass {protect, rPois Will+ Str+2}
rCold   + . .      Faith    .   (no shield)
rNeg    . . .      Spirit   .   g - +1 troll leather armour {Snorg}
rPois   +          Reflect  .   P - +0 helmet
rElec   .          Harm     .   T - scarf {rC+ rF+}
rCorr   .          Rampage  .   r - +1 pair of gloves
Will    ++...                   h - +0 pair of boots
Stlth   +++.......              e - amulet of regeneration
HPRegen 1.90/turn               z - +4 ring of evasion
MPRegen 0.24/turn               l - +4 ring of protection

@: lethally poisoned (-1 -> -1), very slightly contaminated
A: high MP 1, forlorn, divine attributes
a: no special abilities


You were on level 1 of the Snake Pit.
You visited 6 branches of the dungeon, and saw 26 of its levels.
You also visited: Bailey and Ice Cave.

You collected 2719 gold pieces.
You spent 1065 gold pieces at shops.

Inventory:

Hand Weapons
 W - the +3 mace of Kass (weapon) {protect, rPois Will+ Str+2}
   (You bought it in a shop on level 1 of the Elven Halls)

   It grants its wielder temporary protection when it strikes (+7 to AC).
   Str:       It affects your strength (+2).
   rPois:     It protects you from poison.
   Will:      It increases your willpower.
Missiles
 b - 13 curare-tipped darts
 w - 5 throwing nets
Armour
 g - a +1 troll leather armour (worn) {Snorg}
 h - a +0 pair of boots (worn)
 r - a +1 pair of gloves (worn)
 J - an orb of light
 P - a +0 helmet (worn)
 T - a scarf of resistance (worn)
Magical Staves
 c - a staff of conjuration
 v - a staff of fire
Jewellery
 e - an amulet of regeneration (around neck)
 j - a ring of willpower
 k - a ring of fire
 l - a +4 ring of protection (right hand)
 z - a +4 ring of evasion (left hand)
 E - a ring of protection from fire
 K - a ring of positive energy
 O - an amulet of magic regeneration
Wands
 a - a wand of paralysis (4)
 f - a wand of flame (17)
 A - a wand of acid (18)
 F - a wand of charming (5)
 M - a wand of polymorph (3)
Scrolls
 i - 2 scrolls of identify
 x - 4 scrolls of teleportation
 y - a scroll of brand weapon
 D - a scroll of amnesia
 G - a scroll of magic mapping
 H - 2 scrolls of enchant weapon
 R - 4 scrolls of enchant armour
 S - a scroll of fog
 U - 2 scrolls of summoning
 V - a scroll of holy word
Potions
 d - 2 potions of invisibility
 m - 3 potions of might
 o - 6 potions of ambrosia
 p - 2 potions of magic
 q - a potion of resistance
 s - 5 potions of brilliance
 t - 5 potions of curing
 u - 4 potions of heal wounds
 B - 2 potions of haste
 Q - a potion of cancellation
Miscellaneous
 n - a phantom mirror
 C - a condenser vane


   Skills:
 - Level 9.0 Fighting
 - Level 6.0 Armour
 - Level 6.0 Dodging
 - Level 6.0 Stealth
 + Level 10.8 Spellcasting
 - Level 10.0 Conjurations
 - Level 3.0 Translocations
 + Level 6.1 Transmutations
 - Level 9.0 Fire Magic
 - Level 12.5 Air Magic
 - Level 3.0 Poison Magic
 - Level 9.0 Evocations


You had 6 spell levels left.
You knew the following spells:

 Your Spells              Type           Power      Damage    Failure   Level
a - Shock                 Conj/Air       100%       1d9       1%          1
b - Static Discharge      Conj/Air       80%        N/A       1%          2
c - Airstrike             Air            42%        N/A       1%          4
d - Swiftness             Air            85%        N/A       1%          3
e - Poisonous Vapours     Pois/Air       100%       N/A       1%          2
f - Apportation           Tloc           84%        N/A       1%          1
g - Conjure Ball Lightni  Conj/Air       40%        3x3d13    3%          6
h - Fireball              Conj/Fire      37%        3d15      1%          5
i - Irradiate             Conj/Tmut      34%        3d25      2%          5

Your spell library contained the following spells:

 Spells                   Type           Power      Damage    Failure   Level
 Beastly Appendage        Tmut           100%       N/A       1%          1
 Foxfire                  Conj/Fire      100%       2x1d9     1%          1
 Corpse Rot               Necr/Air       100%       N/A       1%          2
 Wereblood                Tmut           60%        N/A       1%          2
 Conjure Flame            Conj/Fire      74%        6-21      1%          3
 Spider Form              Tmut/Pois      52%        N/A       1%          3
 Freeze                   Ice            80%        1d9       2%          1
 Slow                     Hex            80%        N/A       2%          1
 Gell's Gravitas          Tloc           42%        N/A       2%          3
 Teleport Other           Tloc           42%        N/A       2%          3
 Ensorcelled Hibernation  Hex/Ice        40%        N/A       3%          2
 Sublimation of Blood     Necr           20%        N/A       3%          2
 Hailstorm                Conj/Ice       54%        3d12      3%          4
 Ice Form                 Ice/Tmut       42%        N/A       7%          4
 Petrify                  Tmut/Erth      42%        N/A       7%          4
 Confusing Touch          Hex            20%        N/A       8%          3
 Frozen Ramparts          Ice            40%        1d6       8%          3
 Vampiric Draining        Necr           20%        2d7       8%          3
 Alistair's Intoxication  Tmut/Pois      34%        N/A       11%         5
 Anguish                  Hex/Necr       10%        N/A       26%         4
 Summon Forest            Summ/Tloc      15%        N/A       36%         5
 Dispersal                Tloc           21%        N/A       75%         6
 Simulacrum               Ice/Necr       10%        N/A       98%         6


Dungeon Overview and Level Annotations

Branches:
Dungeon (14/15)            Temple (0/1) D:7            Lair (6/6) D:10
  Swamp (2/4) Lair:4        Snake (1/4) Lair:3        Slime (0/5) Lair:5
    Orc (2/2) D:10            Elf (1/3) Orc:2        Vaults (0/5) D:13
 Bailey (visited)           IceCv (visited)

Shops:
Orc:2 =*([   Elf:1 (

Annotations:
D:8 2 transporters, pkoi's ghost, novice DgGl
Lair:6 2 runed translucent doors


Innate Abilities, Weirdness & Mutations

You have an increased reservoir of magic. (+10% MP)
You shall have no god before yourself.
Your divine heritage dramatically boosts your attributes as you level up.


Message History

Your ball lightning explodes!
The blast of lightning engulfs the naga mage!
The naga mage is moderately wounded.
You feel a bit more experienced.
The blast of lightning engulfs the naga!!
The naga is almost dead.
The blast of lightning engulfs you!
* * * LOW HITPOINT WARNING * * *
The blast of lightning engulfs the anaconda!
The anaconda is severely wounded.
Your ball lightning explodes!
The blast of lightning engulfs the naga mage!!
The naga mage is heavily wounded.
The blast of lightning engulfs you!!
* * * LOW HITPOINT WARNING * * *
The blast of lightning engulfs the anaconda!!
You kill the anaconda!
The blast of lightning engulfs the salamander!!
The salamander is severely wounded.
The salamander hits you from afar with a +0 halberd.
* * * LOW HITPOINT WARNING * * *
You are engulfed in flames!
You resist.
* * * LOW HITPOINT WARNING * * *
The naga mage spits poison at you.
The splash of poison hits you but does no damage.
You resist. The naga mage spits poison at you. The splash of poison misses you.
The salamander hits you but does no damage.
A naga comes into view. It is wielding a +0 glaive.
The naga shouts!
You hear a shout!
Unknown command.
Unknown command.
Unknown command.
You feel very sick. The salamander misses you.
The salamander hits you from afar with a +0 halberd.
* * * LOW HITPOINT WARNING * * *
You are engulfed in flames!
You resist.
You die...

#...... .###
#..... ....##
..... ...)..#
#...#
.......##...#
.....?)..N..##
.............####
........#@)......
......N...†N....N
......N....N.....
........#####....
.......## ...
....### .. .... .
###


You could see 2 salamanders, 2 naga magi and 2 nagas.

Vanquished Creatures
  Frances (Swamp:2)
  2 orc warlords
  2 bunyips
  An ettin (Orc:2)
  Snorg (D:11)
  A fire dragon (Lair:6)
  2 boulder beetles
  12 hydras
  Harold (Orc:1)
  2 ghost crabs (Swamp:1)
  An anaconda (Snake:1)
  Erica (Lair:2)
  2 dancing weapons (D:13)
  2 centaur warriors
  3 death yaks (D:10)
  9 two-headed ogres
  Urug (D:10)
  8 alligators
  A salamander mystic (Lair:3)
  5 skeletal warriors
  A death drake (Swamp:2)
  4 goliath frogs
  6 bog bodies
  3 spriggan druids
  An orb spider (shapeshifter) (D:13)
  A lindwurm (Lair:6)
  5 orc knights
  19 ugly things
  An oklob plant (Lair:6)
  A deep elf pyromancer (Elf:1)
  5 cyclopes
  2 orc sorcerers
  A salamander (Snake:1)
  A manticore (D:12)
  A will-o-the-wisp (Swamp:2)
  7 elephants
  10 black mambas
  2 molten gargoyles (Lair:6)
  An unseen horror (D:11)
  2 gargoyles
  4 cane toads
  2 kobold demonologists
  13 komodo dragons
  9 rime drakes
  3 trolls
  A bloated husk (Swamp:1)
  10 hornets
  2 tyrant leeches (Swamp:1)
  28 blink frogs
  12 slime creatures
  14 spriggans
  An air elemental (Elf:1)
  A shadow (D:11)
  A vampire (D:11)
  9 wyverns
  4 wraiths (D:12)
  35 yaks
  A fire elemental (Elf:1)
  4 basilisks (Lair:6)
  14 steam dragons
  A death yak simulacrum (IceCv)
  Grum (D:10)
  Menkaure (D:7)
  A warg (Orc:2)
  7 vampire mosquitoes
  A harpy simulacrum (IceCv)
  4 hell hounds (Lair:6)
  11 swamp worms
  4 acid dragons
  15 water moccasins
  7 nagas
  An ice beast (D:6)
  38 orc warriors
  A sky beast (D:6)
  A necrophage (D:5)
  7 wolves
  5 ogres
  A phantom (D:6)
  7 centaurs
  A kobold brigand (D:11)
  8 bullfrogs
  A wyvern zombie (D:6)
  7 scorpions
  8 killer bees
  An elephant simulacrum (IceCv)
  4 howler monkeys
  7 electric eels
  6 centaur zombies
  5 lava snakes (Lair:6)
  A bullfrog zombie (D:6)
  5 hounds
  5 jellies
  20 orc priests
  A centaur skeleton (D:7)
  2 gnoll shamans
  5 iguanas
  2 bullfrog skeletons
  35 orc wizards
  A scorpion zombie (D:5)
  14 hell rats
  3 killer bee zombies
  A wolf simulacrum (IceCv)
  2 hound skeletons
  A howler monkey skeleton (D:4)
  A howler monkey zombie (D:8)
  3 gnolls (D:6)
  6 adders
  5 river rats (Lair:2)
  2 shadow imps (D:5)
  3 white imps
  2 ufetubi (D:5)
  3 dart slugs
  109 orcs
  5 bats
  6 endoplasms
  A giant cockroach (D:2)
  8 goblins
  17 hobgoblins
  4 jackals (D:4)
  19 kobolds
  3 quokkas
  6 ball pythons
  7 frilled lizards
  16 rats
786 creatures vanquished.

Vanquished Creatures (others)
  2 orc priests (Orc:2)
  27 ball lightnings
  37 fungi
  160 plants
226 creatures vanquished.

Grand Total: 1012 creatures vanquished

Notes
Turn   | Place    | Note
-------+----------+-------------------------------------------
     0 | D:1      | pkoi the Demigod Air Elementalist began the quest for the
                  | Orb.
     0 | D:1      | Reached XP level 1. HP: 14/14 MP: 5/5
   224 | D:1      | Reached skill level 3 in Air Magic
   404 | D:1      | Reached XP level 2. HP: 22/22 MP: 0/7
   874 | D:1      | Reached skill level 1 in Fighting
  1452 | D:2      | Reached XP level 3. HP: 28/28 MP: 0/8
  1951 | D:2      | Reached skill level 4 in Air Magic
  2138 | D:2      | Noticed a scorpion
  2144 | D:2      | Killed a scorpion
  2145 | D:2      | Reached XP level 4. HP: 35/35 MP: 2/9
  2604 | D:2      | Reached skill level 5 in Air Magic
  3392 | D:2      | Reached XP level 5. HP: 5/40 MP: 4/10
  3793 | D:3      | Learned a level 2 spell: Static Discharge
  3798 | D:3      | Learned a level 4 spell: Airstrike
  4908 | D:4      | Reached skill level 6 in Air Magic
  4908 | D:4      | Reached XP level 6. HP: 38/47 MP: 1/12
  5962 | D:5      | Entered Level 5 of the Dungeon
  6305 | D:5      | Identified a scroll of acquirement
  7052 | D:5      | Reached skill level 7 in Air Magic
  7052 | D:5      | Reached XP level 7. HP: 46/52 MP: 1/14
  7500 | D:5      | Learned a level 3 spell: Swiftness
  8237 | D:4      | Acquired Sif Muna's Reference Book on Twisted Confrontation
  9403 | D:5      | Learned a level 2 spell: Poisonous Vapours
  9499 | D:6      | Noticed a steam dragon
  9502 | D:6      | Killed a steam dragon
  9503 | D:6      | Reached XP level 8. HP: 60/62 MP: 4/17
  9617 | D:6      | Reached skill level 1 in Poison Magic
 11263 | D:6      | Reached skill level 8 in Air Magic
 12859 | D:6      | Reached skill level 5 in Spellcasting
 13306 | D:7      | Noticed Menkaure
 13308 | D:7      | Killed Menkaure
 13309 | D:7      | Reached XP level 9. HP: 69/69 MP: 11/20
 14006 | D:7      | Noticed a cyclops
 14011 | D:7      | Killed a cyclops
 14012 | D:7      | Reached skill level 5 in Dodging
 14012 | D:7      | Reached skill level 1 in Evocations
 14532 | D:7      | Learned a level 1 spell: Apportation
 15223 | D:7      | Found a staircase to the Ecumenical Temple.
 15431 | D:8      | Reached skill level 1 in Translocations
 15431 | D:8      | Reached skill level 9 in Air Magic
 15511 | D:8      | Found a transporter.
 15543 | D:8      | Found a flagged portal.
 15543 | D:8      | Noticed a two-headed ogre
 15568 | D:8      | Killed a two-headed ogre
 15589 | Bailey   | Entered a bailey
 15866 | Bailey   | Noticed an orc warlord
 16059 | Bailey   | Found a runed translucent gate.
 16059 | Bailey   | Found a runed translucent gate.
 16068 | Bailey   | Found a runed translucent gate.
 16542 | Bailey   | Killed an orc warlord
 16543 | Bailey   | Reached XP level 10. HP: 58/80 MP: 18/23
 16681 | D:8      | Reached XP level 11. HP: 91/91 MP: 24/24
 16689 | D:8      | Learned a level 6 spell: Conjure Ball Lightning
 16851 | D:8      | Noticed pkoi's ghost (novice DgGl)
 16876 | D:8      | Found a transporter.
 17540 | D:8      | Noticed a two-headed ogre
 17545 | D:8      | Killed a two-headed ogre
 17546 | D:8      | Reached skill level 5 in Conjurations
 18065 | D:9      | Noticed a two-headed ogre
 18068 | D:9      | Killed a two-headed ogre
 18069 | D:9      | Reached skill level 5 in Armour
 18784 | D:9      | Noticed a two-headed ogre
 18796 | D:9      | Killed a two-headed ogre
 19147 | D:9      | Noticed a two-headed ogre
 19205 | D:9      | Noticed a two-headed ogre
 19666 | D:9      | Killed a two-headed ogre
 19910 | D:9      | Killed a two-headed ogre
 19911 | D:9      | Reached skill level 5 in Evocations
 20130 | D:9      | Reached skill level 10 in Air Magic
 21533 | D:10     | Entered Level 10 of the Dungeon
 21536 | D:10     | Found a staircase to the Lair.
 21536 | D:10     | Noticed Urug
 21549 | D:10     | Noticed Grum
 21577 | D:10     | Killed Grum
 21586 | D:10     | Killed Urug
 22357 | D:10     | Found a staircase to the Orcish Mines.
 23284 | D:10     | Noticed a skeletal warrior
 23334 | Lair:1   | Entered Level 1 of the Lair of Beasts
 23369 | D:10     | Noticed a skeletal warrior
 23370 | D:10     | Noticed a skeletal warrior
 23373 | D:10     | Noticed a skeletal warrior
 23374 | D:10     | Noticed a skeletal warrior
 23399 | D:9      | Killed a skeletal warrior
 23400 | D:9      | Reached XP level 12. HP: 62/100 MP: 14/27
 25655 | D:10     | Learned a level 5 spell: Fireball
 26309 | D:10     | HP: 4/100 [skeletal warrior/+3 trident of venom[a skeletal
                  | warrior] (12)]
 26313 | D:10     | Reached skill level 1 in Fire Magic
 27521 | D:10     | Reached skill level 11 in Air Magic
 29829 | Lair:2   | Noticed a seven-headed hydra
 29834 | Lair:2   | Killed a seven-headed hydra
 30033 | Lair:2   | Noticed Erica
 30045 | Lair:2   | Killed Erica
 30465 | Lair:2   | Noticed a seven-headed hydra
 30470 | Lair:2   | Killed a seven-headed hydra
 31092 | Lair:2   | Reached XP level 13. HP: 102/105 MP: 19/29
 31233 | Lair:2   | Reached skill level 5 in Fire Magic
 32381 | Lair:3   | Reached skill level 12 in Air Magic
 32812 | Lair:3   | Found a staircase to the Snake Pit.
 33761 | Lair:4   | You fall into a shaft and drop 2 floors!
 33761 | Lair:6   | Entered Level 6 of the Lair of Beasts
 35230 | Lair:4   | Found a staircase to the Swamp.
 37651 | Lair:5   | Found a staircase to the Slime Pits.
 38062 | Lair:5   | Identified the +7 spear of the Singing Firefly {antimagic,
                  | rElec rN+ Stlth+}
 40473 | Lair:6   | Reached XP level 14. HP: 92/114 MP: 20/31
 42244 | Lair:6   | Found a large runed translucent door.
 42245 | Lair:6   | Found a large runed translucent door.
 42957 | D:11     | Reached skill level 5 in Stealth
 42992 | D:11     | Found a frozen archway.
 43002 | IceCv    | Entered an ice cave
 43184 | IceCv    | Found a transporter.
 43197 | IceCv    | Found a transporter.
 43202 | IceCv    | Identified the +0 cloak of Winter {+Inv Fly Will-}
 43623 | D:11     | Noticed Snorg
 43670 | D:11     | Killed Snorg
 47192 | D:13     | Found a gate to the Vaults.
 47333 | D:13     | Learned a level 5 spell: Irradiate
 47828 | Orc:1    | Entered Level 1 of the Orcish Mines
 48084 | Orc:2    | Entered Level 2 of the Orcish Mines
 48590 | Orc:2    | Found a staircase to the Elven Halls.
 48780 | Orc:2    | Noticed an orc warlord
 49758 | D:14     | Reached skill level 1 in Transmutations
 50884 | D:14     | Reached skill level 10 in Conjurations
 52486 | Swamp:1  | Entered Level 1 of the Swamp
 52549 | Lair:4   | Reached XP level 15. HP: 34/124 MP: 24/33
 55808 | Swamp:2  | HP: 3/124 [spriggan druid/stone arrow (36)]
 56430 | Orc:1    | Reached skill level 10 in Spellcasting
 57603 | Orc:2    | Found Limu's General Store.
 58053 | Orc:2    | Found Xauxim's Jewellery Shoppe.
 58155 | Orc:2    | Found Coemnal's Antique Armour Boutique.
 58158 | Orc:2    | Found Tiah's Antique Weapon Shop.
 58172 | Orc:2    | Bought a brightly glowing halberd for 252 gold pieces
 58172 | Orc:2    | Identified the +5 halberd of Fortitude {vorpal, Str+3 Int+3
                  | Stlth+} (You bought it in a shop on level 2 of the Orcish
                  | Mines)
 58172 | Orc:2    | Bought an ebony scimitar for 252 gold pieces
 58172 | Orc:2    | Identified the +4 scimitar of Beibaoh {flame, rF+} (You
                  | bought it in a shop on level 2 of the Orcish Mines)
 58576 | Orc:1    | Noticed Harold
 58584 | Orc:1    | Killed Harold
 59391 | Elf:1    | Entered Level 1 of the Elven Halls
 59581 | Elf:1    | Found Farphy Umeo's Antique Weapon Shoppe.
 59697 | Elf:1    | Bought a transparent mace for 264 gold pieces
 59697 | Elf:1    | Identified the +3 mace of Kass {protect, rPois Will+ Str+2}
                  | (You bought it in a shop on level 1 of the Elven Halls)
 59697 | Elf:1    | Bought a crystal broad axe for 297 gold pieces
 59697 | Elf:1    | Identified the +3 broad axe of Hubris {speed, rPois Str+6
                  | Int-2 SInv} (You bought it in a shop on level 1 of the
                  | Elven Halls)
 59921 | Swamp:2  | Reached skill level 5 in Transmutations
 60427 | Swamp:2  | Noticed Frances
 60497 | Swamp:2  | Noticed a tentacled monstrosity
 60772 | Swamp:2  | Killed Frances
 60972 | Snake:1  | Entered Level 1 of the Snake Pit
 61518 | Snake:1  | HP: 6/124 [salamander/+0 halberd (6)]
 61518 | Snake:1  | Slain by a salamander

Illustrated notes

Levels and vault maps discovered:
D:1:      dpeg_arrival_ratfight, layout_rooms, minmay_tetromino_s2
D:2:      minmay_alternating_diamond, layout_basic,
          shapermc_ecumenical_altar_venn, nicolae_concentric_dashed_squares_mild
D:3:      layout_rooms, minitemple, serial_aquarium,
          aquarium_bridge_island_small [aquarium_subvault_small_open,
          aquarium_subvault_bridge, aquarium_subvault_bridge,
          aquarium_subvault_bridge, aquarium_subvault_balcony],
          aquarium_bridge_long_separate [aquarium_subvault_bridge,
          aquarium_subvault_window, aquarium_subvault_bridge,
          aquarium_subvault_wall, aquarium_subvault_wall,
          aquarium_subvault_bridge], aquarium_window_fake,
          aquarium_window_corridor_1, aquarium_view_2f, aquarium_view_2e,
          aquarium_balcony_3a, aquarium_pool_2
D:4:      minmay_skewed_foursquare, layout_cave_pools, minmay_misc_feat_columns
D:5:      minmay_octagon_keep, layout_layer_cave
D:6:      layout_loops_ring, serial_glass, glass_columns_c, glass_columns_c,
          glass_columns_a, glass_columns_a, kennysheep_generic_room_5
D:7:      layout_basic, minmay_temple_entry_proselytizer,
          kennysheep_generic_room_11, uniq_menkaure
D:8:      layout_loops_corners, enter_bailey_4, nzn_ghost_randoct
D:9:      layout_layer_cave, eino_tiny_chamber, kennysheep_cluttered_room
D:10:     layout_rooms, david_lair_shrubbed, minmay_orc_entry_temple_small,
          serial_bayou, serial_bayou_lagoon_a, serial_bayou_lake_a,
          serial_bayou_pond_c, serial_bayou_pond_d, serial_bayou_shore_b,
          jiyva_altar_1, uniq_urug, uniq_grum
D:11:     layout_small_grid, portal_ice_cave_entry_pillars_2, uniq_snorg
D:12:     layout_loops_ring, st_stairs_3
D:13:     layout_cave_pods, erik_vaults_1
D:14:     layout_loops_cross, grunt_gozag_statues
Lair:1:   layout_cave_pods, chequers_serial_rivers_small_a, grunt_megastairs_2
Lair:2:   hellmonk_ruined_rings, layout_chaotic_city,
          kennysheep_abandoned_house, uniq_erica
Lair:3:   layout_misc_corridors, minmay_snake_entry_guardpost_large,
          nicolae_quartered_pool_little
Lair:4:   layout_gridlike, nicolae_swamp_entry_splash_gauntlet
Lair:5:   layout_cave_pods, slime_altar_1, st_stairs_12
Lair:6:   cheibrodos_lair_end_hotspot, layout_hall_layers,
          nicolae_lair_lil_pond, bobbens_dragon_lair_wall
Swamp:1:  layout_basic_swamp, evilmike_swamp_ruin_wall
Swamp:2:  nicolae_swamp_standing_stones, layout_basic_swamp,
          evilmike_swamp_ruin_house_6, uniq_frances
Snake:1:  layout_grid_shapes, nicolae_snake_dead_anacondas, uniq_rupert,
          uniq_aizul
Orc:1:    layout_caves, nicolae_orc_sculptors_studio, uniq_harold
Orc:2:    grunt_orc_community_town_hall, layout_caves,
          grunt_orc_community_big_house_1, grunt_orc_community_big_house_1,
          grunt_orc_community_house_2, grunt_orc_community_house_2,
          grunt_orc_community_house_3, grunt_orc_community_house_2,
          grunt_orc_community_house_1, lightli_volcano_entry_magma_tube
Elf:1:    layout_rooms, serial_shops, nicolae_shop_advertising_works
          [nicolae_subvault_shop_adworks], nicolae_square_shop,
          nicolae_shop_hallway_stairs, shop, nicolae_shop_crystal,
          kennysheep_underground_church, grunt_megastairs_3, minmay_shop_star,
          uniq_donald, uniq_roxanne

Skill      XL: |  1  2  3  4  5  6  7  8  9 10 11 12 13 14 15 |
---------------+----------------------------------------------+-----
Air Magic      | 3 4 5 6 7 8 9 10 11 12 | 12.5
Fighting       | 1 2 3 4 6 7 9 |  9.0
Spellcasting   | 2 3 4 5 6 7 8 9 10 | 10.8
Dodging        | 3 4 5 6 |  6.0
Poison Magic   | 3 |  3.0
Evocations     | 3 5 6 7 8 9 |  9.0
Translocations | 2 3 |  3.0
Armour         | 4 5 6 |  6.0
Conjurations   | 4 5 8 9 10 | 10.0
Fire Magic     | 4 6 7 9 |  9.0
Stealth        | 4 6 |  6.0
Transmutations | 2 6 |  6.1

Action                   |  1- 3 |  4- 6 |  7- 9 | 10-12 | 13-15 || total
-------------------------+-------+-------+-------+-------+-------++-------
Melee: Short sword       |    10 |    15 |       |       |       ||    25
       Dagger            |       |     5 |    98 |       |     2 ||   105
       Punch             |       |       |     1 |     2 |     2 ||     5
       Spear             |       |       |       |    50 |   103 ||   153
       Mace              |       |       |       |       |     2 ||     2
 Cast: Shock             |    91 |    90 |    22 |     4 |    19 ||   226
       Airstrike         |       |    32 |   137 |   238 |   493 ||   900
       Static Discharge  |       |       |    15 |    31 |   122 ||   168
       Poisonous Vapours |       |       |     7 |    82 |   186 ||   275
       Fireball          |       |       |       |       |   133 ||   133
       Conjure Ball Ligh |       |       |       |       |     9 ||     9
       Apportation       |       |       |       |       |     8 ||     8
       Irradiate         |       |       |       |       |     4 ||     4
Evoke: Wand              |       |       |       |     9 |     3 ||    12
  Use: Scroll            |       |    11 |    11 |     9 |    15 ||    46
       Potion            |       |       |     1 |     3 |     1 ||     5
 Stab: Sleeping          |       |       |       |       |     3 ||     3
Armor: Robe              |     7 |    15 |    27 |       |       ||    49
       Steam dragon scal |       |       |    12 |    58 |    71 ||   141
       Troll leather arm |       |       |       |       |    95 ||    95
Dodge: Dodged            |    13 |    26 |   116 |   185 |   571 ||   911
